Cogmind - Beta 9.6 @@@ ROGUE MODE // 2020.05.16 @ 01:27:29 Player: TheGreatBorealis Result: Destroyed by H-66 Slayer with Gauss Rifle Performance ------------- Evolutions (4) 2000 Regions Visited (9) 1800 Robots Destroyed (80) 400 Value Destroyed (2636) 2636 Prototype IDs (7) 140 Alien Tech Used (0) 0 Bonus (75) 75 TOTAL SCORE: 7051 Bonus ------- Follower Combat Kills 75 Cogmind --------- Core Integrity 0/850 Matter 295/300 Energy 98/100 System Corruption 19% Temperature Cool (1) Movement Flying (40) Location -6/Factory Parts ------- > --- POWER (2) -------- (None) > --- PROPULSION (4) --- Nuclear Pulse Thruster > --- UTILITY (6) ------ Enhanced Optical Array Advanced Signal Interpreter Hacking Suite System Shield > --- WEAPON (3) ------- (None) > --- INVENTORY (4) ---- Improved Thermal Generator Improved Heat Sink Improved Cooling System Advanced Sensor Array Peak State ------------ > --- POWER ------------ Enhanced Nuclear Core Light Angular Momentum Engine > --- PROPULSION ------- Gravmag System Gravmag System Gravmag System Gravmag System > --- UTILITY ---------- Enhanced Optical Array Advanced Sensor Array Advanced Signal Interpreter Advanced ECM Suite Hacking Suite System Shield > --- WEAPON ----------- Lightning Gun Improved EM Pulse Cannon Plasma Cannon > --- INVENTORY -------- Improved Deuterium Engine Cesium-ion Thruster Improved Cooling System Advanced Sensor Array [Rating: 60] Favorites ----------- Power Improved Deuterium Engine Engine Improved Deuterium Engine Power Core Enhanced Nuclear Core Propulsion Gravmag System Leg Aluminum Leg Hover Unit Gravmag System Flight Unit Flight Unit Utility Advanced Signal Interpreter Device Advanced Sensor Array Storage Small Storage Unit Processor Advanced Signal Interpreter Hackware Hacking Suite Protection Light Armor Plating Weapon Heavy Assault Rifle Energy Gun Shock Rifle Energy Cannon Plasma Cannon Ballistic Gun Heavy Assault Rifle Special Weapon Remote Datajack Slashing Weapon Katana Build | -11 -10 -10 -9 -9 -8 -7 -7 -7 -6 ------- Run | Scr Mat Min Mat Sto Mat Fac Low Low Fac Slots Evolved 8 | . . . 2 . 2 2 . . 2 Power 1 | . . . . . . 1 . . . Propulsion 2 | . . . 2 . . . . . . Utility 4 | . . . . . 1 1 . . 2 Weapon 1 | . . . . . 1 . . . . Parts Attached 117 | 6 8 . 2 32 27 14 . . 28 Power 17 | 1 1 . . 4 4 3 . . 4 Engine 15 | 1 . . . 4 4 2 . . 4 Core 2 | . 1 . . . . 1 . . . Reactor . | . . . . . . . . . . Propulsion 41 | 2 4 . 2 11 10 6 . . 6 Treads . | . . . . . . . . . . Leg 25 | 2 4 . 2 11 6 . . . . Wheel . | . . . . . . . . . . Hover 11 | . . . . . . 6 . . 5 Flight 5 | . . . . . 4 . . . 1 Utility 22 | 1 1 . . 6 6 1 . . 7 Device 14 | . 1 . . 5 2 . . . 6 Storage 3 | 1 . . . . 2 . . . . Processor 2 | . . . . . 1 . . . 1 Hackware 2 | . . . . . 1 1 . . . Protection 1 | . . . . 1 . . . . . Artifact . | . . . . . . . . . . Weapon 37 | 2 2 . . 11 7 4 . . 11 Energy Gun 14 | 1 2 . . 3 . 1 . . 7 Energy Cannon 5 | . . . . . . 2 . . 3 Ballistic Gun 16 | 1 . . . 8 6 1 . . . Ballistic Cannon . | . . . . . . . . . . Launcher . | . . . . . . . . . . Special Weapon 1 | . . . . . . . . . 1 Impact Weapon . | . . . . . . . . . . Slashing Weapon 1 | . . . . . 1 . . . . Piercing Weapon . | . . . . . . . . . . Special Melee Weapon . | . . . . . . . . . . Unidentified Prototypes 3 | . . . . 1 1 1 . . . Parts Lost 46 | . 2 . . 8 12 . . . 24 Power 7 | . . . . 1 3 . . . 3 Propulsion 15 | . . . . 1 5 . . . 9 Utility 4 | . . . . 1 1 . . . 2 Weapon 20 | . 2 . . 5 3 . . . 10 Highest Loss Streak 6 | . 1 . . 3 4 . . . 6 Average Slot Usage (%) 87 | . 87 100 100 93 90 80 100 100 83 Engine 8 | . 4 . . 9 8 8 7 7 9 Core 1 | . 9 14 11 . . 2 7 7 1 Leg 14 | . 28 28 44 44 26 . . . . Hover 11 | . . . . . . 21 30 30 17 Flight 1 | . . . . . 4 4 . . . Device 8 | . 2 14 11 4 1 7 7 7 12 Storage 5 | . 14 14 11 11 12 . . . . Processor 7 | . . . . . 7 7 7 7 13 Hackware 8 | . . . . . 1 14 15 15 13 Energy Gun 5 | . 13 14 11 5 . 1 7 7 6 Energy Cannon 3 | . . . . . . 6 15 15 5 Ballistic Gun 7 | . 14 14 11 16 19 3 . . . Naked Turns . | . . . . . . . . . . Heaviest Build 40 | 13 13 13 13 23 24 37 37 37 40 Greatest Support 44 | 20 20 20 40 40 40 44 44 44 44 Greatest Overweight (x) 3 | . . . . . 3 . . . 3 Average Overweight (x) . | . . . . . . . . . . Largest Inventory Capacity 6 | 6 6 6 6 6 6 4 4 4 4 Average Capacity 4 | 5 6 6 6 6 5 4 4 4 4 Most Carried 6 | 4 6 6 5 6 6 4 4 4 4 Average Carried 4 | 2 5 6 4 5 5 3 4 4 3 Final Capacity 6 | 6 6 6 6 6 4 4 4 4 4 Final Carried 6 | 4 6 6 5 6 4 4 4 4 4 Class Distribution -------------------- 29% | Scavenger-Mutant 17% | Scavenger-Skirmisher 16% | Hacker-Scout 14% | Hacker-Mutant 9% | Hacker-Skirmisher 4% | Mutant 4% | Scavenger-Tank 3% | Scavenger-Gunner Dominant Class ---------------- Scavenger-Mutant | -10/Materials Scavenger-Mutant | -10/Mines Scavenger-Mutant | -9/Materials Scavenger-Mutant | -9/Storage Scavenger-Tank | -8/Materials Hacker-Mutant | -7/Factory Hacker-Skirmisher | -7/Lower Caves Hacker-Skirmisher | -7/Lower Caves Scavenger-Skirmisher | -6/Factory Resources | -11 -10 -10 -9 -9 -8 -7 -7 -7 -6 ----------- Run | Scr Mat Min Mat Sto Mat Fac Low Low Fac Matter Collected 2520 | 194 178 73 . 713 821 . 60 48 433 Remotely . | . . . . . . . . . . Salvage Created 3379 | . 458 . . 1454 1024 . . . 443 Parts 195 | . 29 . . 80 47 . . . 39 Haulers Intercepted . | . . . . . . . . . . Recyclers Shooed 1 | . 1 . . . . . . . . Parts Field Recycled . | . . . . . . . . . . Retrieved Matter . | . . . . . . . . . . Parts Self-Destructed . | . . . . . . . . . . Prevented . | . . . . . . . . . . Kills | -11 -10 -10 -9 -9 -8 -7 -7 -7 -6 ------- Run | Scr Mat Min Mat Sto Mat Fac Low Low Fac Combat Hostiles Destroyed 63 | . 11 . . 25 19 . . . 8 Melee 2 | . . . . . 2 . . . . Guns 54 | . 11 . . 25 17 . . . 1 Cannons 5 | . . . . . . . . . 5 AOE 2 | . . . . . . . . . 2 Classes Destroyed 9 | . 3 . . 3 1 . . . 2 Worker 5 | . . . . 2 1 . . . 2 Builder 2 | . . . . . . . . . 2 Recycler 6 | . 1 . . 3 2 . . . . Watcher 4 | . . . . 1 3 . . . . Swarmer 11 | . 3 . . . 8 . . . . Grunt 28 | . 8 . . 15 5 . . . . Duelist 1 | . . . . . 1 . . . . Sentry 15 | . . . . 10 5 . . . . Programmer 8 | . . . . . . . . . 8 Best Kill Streak 7 | . 3 . . 7 6 . . . 2 Combat Bots Only 6 | . 3 . . 6 6 . . . 1 Max Kills in Single Turn 2 | . 1 . . 2 1 . . . 2 Gunslinging . | . . . . . . . . . . Exploded 1 | . . . . . . . . . 1 Melee 1 | . . . . . 1 . . . . Uniques/NPCs Destroyed . | . . . . . . . . . . Combat | -11 -10 -10 -9 -9 -8 -7 -7 -7 -6 -------- Run | Scr Mat Min Mat Sto Mat Fac Low Low Fac Damage Taken 6070 | . 467 . . 1653 1538 45 . . 2367 Core 1510 | . 38 . . 205 362 45 . . 860 Absorbed by Shields . | . . . . . . . . . . Core Remaining (%) 71 | 100 . 84 . 48 34 . . 93 . Volleys Fired 300 | . 43 . . 105 81 . . . 71 Largest 3 | . 2 . . 2 3 . . . 3 Hottest 204 | . 60 . . 105 71 . . . 204 Shots Fired 566 | . 81 . . 198 171 . . . 116 Gun 512 | . 81 . . 198 171 . . . 62 Cannon 51 | . . . . . . . . . 51 Launcher . | . . . . . . . . . . Special 3 | . . . . . . . . . 3 Kinetic 343 | . 43 . . 137 163 . . . . Thermal 139 | . 31 . . 60 8 . . . 40 Explosive . | . . . . . . . . . . Electromagnetic 81 | . 7 . . 1 . . . . 73 Robot Hit Streak 18 | . 8 . . 18 18 . . . 10 Robot Miss Streak 6 | . 2 . . 2 6 . . . 4 Penetration Max . | . . . . . . . . . . Secondary Targets 4 | . 1 . . 2 1 . . . . Max Gunslinging Chain 1 | . 1 . . 1 1 . . . . Shots Hit Robots 414 | . 56 . . 156 128 . . . 74 Core Hits 151 | . 22 . . 55 42 . . . 32 Critical Hits 6 | . 1 . . 2 1 . . . 2 Critical Kills . | . . . . . . . . . . Critical Parts Destroyed 6 | . 1 . . 2 1 . . . 2 Melee Attacks 13 | . . . . . 13 . . . . Impact . | . . . . . . . . . . Slashing 13 | . . . . . 13 . . . . Piercing . | . . . . . . . . . . Sneak Attacks . | . . . . . . . . . . Combat Hostiles . | . . . . . . . . . . Follow-up Attacks . | . . . . . . . . . . Damage Inflicted 6176 | . 662 . . 2110 1964 . . . 1440 Guns 4554 | . 658 . . 2110 1629 . . . 157 Cannons 837 | . . . . . . . . . 837 Explosions 443 | . . . . . . . . . 443 Melee 335 | . . . . . 335 . . . . Ramming 7 | . 4 . . . . . . . 3 Kinetic 3391 | . 370 . . 1466 1555 . . . . Thermal 1987 | . 222 . . 644 74 . . . 1047 Explosive 151 | . . . . . . . . . 151 Electromagnetic 305 | . 66 . . . . . . . 239 Impact . | . . . . . . . . . . Slashing 335 | . . . . . 335 . . . . Piercing . | . . . . . . . . . . Highest Corruption 19 | . . . . . . . . . 19 Average Corruption 11 | . . . . . . . . . 11 Corruption Purged . | . . . . . . . . . . Effects 120 | . . . . . . . . . 120 Message Errors 26 | . . . . . . . . . 26 Matter Fused 27 | . . . . . . . . . 27 Heat Flow Errors 11 | . . . . . . . . . 11 Energy Discharges 10 | . . . . . . . . . 10 Data Loss (minor) 15 | . . . . . . . . . 15 Data Loss (major) 7 | . . . . . . . . . 7 Misfires 4 | . . . . . . . . . 4 Misdirections 12 | . . . . . . . . . 12 Targeting Errors 5 | . . . . . . . . . 5 Weapon Failures 3 | . . . . . . . . . 3 Overload Shots . | . . . . . . . . . . Overflow Damage 130 | . . . . . . . . . 130 Projectiles 55 | . . . . . . . . . 55 Explosions 75 | . . . . . . . . . 75 Melee . | . . . . . . . . . . Knockbacks . | . . . . . . . . . . Impact . | . . . . . . . . . . Kinetic . | . . . . . . . . . . Secondary . | . . . . . . . . . . Self-Inflicted Damage 411 | . 1 . . . . . . . 410 Shots 8 | . . . . . . . . . 8 Rammed 2 | . 1 . . . . . . . 1 Targets Rammed 3 | . 2 . . . . . . . 1 Kicked 1 | . 1 . . . . . . . . Crushed . | . . . . . . . . . . Highest Temperature 579 | . 75 . . 21 116 . . . 579 Average Temperature 87 | . 24 . . 5 29 . . . 146 Received Heat Transfer 1533 | . 198 . . 774 468 9 . . 84 Effects 12 | . . . . . . . . . 12 Shutdowns 6 | . . . . . . . . . 6 Energy Bleed 2 | . . . . . . . . . 2 Interference 4 | . . . . . . . . . 4 Siege Activations . | . . . . . . . . . . Robots Corrupted . | . . . . . . . . . . Combat Hostiles . | . . . . . . . . . . Parts Fried 1 | . . . . . . . . . 1 Impact Corruptions . | . . . . . . . . . . Robots Melted . | . . . . . . . . . . Combat Hostiles . | . . . . . . . . . . Parts Melted 4 | . . . . . 3 . . . 1 Heat Transferred 3306 | . 500 . . 1468 296 . . . 1042 Parts Sabotaged . | . . . . . . . . . . Parts Stolen . | . . . . . . . . . . Parts Stripped . | . . . . . . . . . . Power Chain Reactions 3 | . . . . . . . . . 3 Missiles Intercepted . | . . . . . . . . . . Alert | -11 -10 -10 -9 -9 -8 -7 -7 -7 -6 ------- Run | Scr Mat Min Mat Sto Mat Fac Low Low Fac Peak Influence 307 | . 285 111 42 273 307 199 . . 127 Average Influence 90 | . 144 111 42 110 184 87 . . 45 Maximum Alert Level 1 | . 1 . . 1 1 . . . . Low Security (%) 90 | 100 73 100 100 84 66 100 . . 100 Level 1 9 | . 26 . . 15 33 . . . . Level 2 . | . . . . . . . . . . Level 3 . | . . . . . . . . . . Level 4 . | . . . . . . . . . . Level 5 . | . . . . . . . . . . High Security . | . . . . . . . . . . Max Security . | . . . . . . . . . . Squads Dispatched 18 | . 2 . . 3 1 2 . . 10 Investigation 2 | . 1 . . . . 1 . . . Extermination 9 | . . . . . . 1 . . 8 Reinforcement 6 | . 1 . . 2 1 . . . 2 Assault . | . . . . . . . . . . Garrison 1 | . . . . 1 . . . . . Intercept . | . . . . . . . . . . Construction Impeded . | . . . . . . . . . . Haulers Reinforced . | . . . . . . . . . . Stealth | -11 -10 -10 -9 -9 -8 -7 -7 -7 -6 --------- Run | Scr Mat Min Mat Sto Mat Fac Low Low Fac Distress Signals 7 | . 1 . . 2 4 . . . . Communications Jammed . | . . . . . . . . . . Distress Signals . | . . . . . . . . . . Times Spotted 110 | . 13 . . 38 30 3 . . 26 Peak Tracking Total 7 | . 4 . . 5 7 3 . . 5 Tactical Retreats 14 | . 2 . . 5 4 . . . 3 Traps | -11 -10 -10 -9 -9 -8 -7 -7 -7 -6 ------- Run | Scr Mat Min Mat Sto Mat Fac Low Low Fac Traps Triggered 6 | . . . . . . 4 . . 2 Indirectly . | . . . . . . . . . . Trap Hack Attempts . | . . . . . . . . . . Triggered . | . . . . . . . . . . Disarmed . | . . . . . . . . . . Reprogrammed . | . . . . . . . . . . Reused . | . . . . . . . . . . Traps Extracted . | . . . . . . . . . . Installed . | . . . . . . . . . . Triggered . | . . . . . . . . . . Machines | -11 -10 -10 -9 -9 -8 -7 -7 -7 -6 ---------- Run | Scr Mat Min Mat Sto Mat Fac Low Low Fac Machines Disabled 11 | . . . . . . . . . 11 Max in Single Turn 3 | . . . . . . . . . 3 Machines Sabotaged . | . . . . . . . . . . Garrisons Compromised . | . . . . . . . . . . Overloaded Fab Kills . | . . . . . . . . . . Fab Network Shutdowns . | . . . . . . . . . . Hacking | -11 -10 -10 -9 -9 -8 -7 -7 -7 -6 --------- Run | Scr Mat Min Mat Sto Mat Fac Low Low Fac Machines Accessed 20 | . 2 . . 8 2 6 . . 2 Terminals 15 | . 2 . . 8 1 3 . . 1 Fabricators 1 | . . . . . . 1 . . . Repair Stations 1 | . . . . . 1 . . . . Recycling Units 2 | . . . . . . 2 . . . Scanalyzers . | . . . . . . . . . . Garrison Access 1 | . . . . . . . . . 1 Total Hacks 39 | . 4 . . 12 7 12 . . 4 Successful 26 | . 2 . . 9 6 8 . . 1 Failed 13 | . 2 . . 3 1 4 . . 3 Catastrophic 2 | . . . . 1 . . . . 1 Database Lockouts . | . . . . . . . . . . Manual 6 | . . . . 2 . 4 . . . Terminals 27 | . 4 . . 12 2 7 . . 2 Fabricators 1 | . . . . . . 1 . . . Repair Stations 5 | . . . . . 5 . . . . Recycling Units 4 | . . . . . . 4 . . . Scanalyzers . | . . . . . . . . . . Garrison Access 2 | . . . . . . . . . 2 Terminal Hacks 18 | . 2 . . 9 1 5 . . 1 Record 4 | . . . . . . 4 . . . Prototype ID Bank 2 | . 1 . . 1 . . . . . Open Door 2 | . . . . 2 . . . . . Emergency Access Points 1 | . . . . . 1 . . . . Alert Level 1 | . . . . 1 . . . . . Unreport Threat 1 | . . . . 1 . . . . . Zone Layout 7 | . 1 . . 4 . 1 . . 1 Fabricator Hacks . | . . . . . . . . . . Repair Station Hacks 5 | . . . . . 5 . . . . Scan Component 2 | . . . . . 2 . . . . Repair 2 | . . . . . 2 . . . . Refit 1 | . . . . . 1 . . . . Recycling Unit Hacks 3 | . . . . . . 3 . . . Report Inventory 2 | . . . . . . 2 . . . Retrieve Components 1 | . . . . . . 1 . . . Scanalyzer . | . . . . . . . . . . Garrison Access Hacks . | . . . . . . . . . . Unauthorized Hacks . | . . . . . . . . . . Terminals . | . . . . . . . . . . Fabricators . | . . . . . . . . . . Repair Stations . | . . . . . . . . . . Recycling Units . | . . . . . . . . . . Scanalyzers . | . . . . . . . . . . Garrison Access . | . . . . . . . . . . Data Cores Recovered . | . . . . . . . . . . Used . | . . . . . . . . . . Hacking Detections 12 | . 1 . . 3 2 4 . . 2 Full Trace Events 1 | . 1 . . . . . . . . Feedback Events . | . . . . . . . . . . Feedback Blocked . | . . . . . . . . . . Robot Schematics Acquired . | . . . . . . . . . . Robots Built . | . . . . . . . . . . Matter . | . . . . . . . . . . Time . | . . . . . . . . . . Total Robot Build Rating . | . . . . . . . . . . Part Schematics Acquired . | . . . . . . . . . . Parts Built . | . . . . . . . . . . Matter . | . . . . . . . . . . Time . | . . . . . . . . . . Total Part Build Rating . | . . . . . . . . . . Parts Repaired 2 | . . . . . 2 . . . . Time 52 | . . . . . 52 . . . . Parts Recycled . | . . . . . . . . . . Recycled Matter . | . . . . . . . . . . Retrieved Matter . | . . . . . . . . . . Retrieved Components 6 | . . . . . . 6 . . . Parts Scanalyzed . | . . . . . . . . . . Part Schematics Acquired . | . . . . . . . . . . Parts Damaged . | . . . . . . . . . . Bothacking | -11 -10 -10 -9 -9 -8 -7 -7 -7 -6 ------------ Run | Scr Mat Min Mat Sto Mat Fac Low Low Fac Used RIF Installer . | . . . . . . . . . . Robots Hacked 1 | . . . . . . . . . 1 Non-combat . | . . . . . . . . . . Combat 1 | . . . . . . . . . 1 Robot Hacks Applied 1 | . . . . . . . . . 1 parse_system 1 | . . . . . . . . . 1 Relay Couplers Released . | . . . . . . . . . . Robots Rewired . | . . . . . . . . . . Allies Hacked . | . . . . . . . . . . Hacks Repelled . | . . . . . . . . . . Allies | -11 -10 -10 -9 -9 -8 -7 -7 -7 -6 -------- Run | Scr Mat Min Mat Sto Mat Fac Low Low Fac Total Allies 3 | . . . . . . 3 . . . Largest Group 3 | . . . . . . 3 . . . Highest-Rated Group 93 | . . . . . . 93 . . . Highest-Rated Ally 31 | . . . . . . 31 . . . Total Orders 3 | . . . . 3 . . . . . EXPLORE 3 | . . . . 3 . . . . . Ally Attacks 22 | . . . . . . 22 . . . Total Damage 338 | . . . . . . 338 . . . Kills 3 | . . . . . . 3 . . . Allies Corrupted . | . . . . . . . . . . Allies Melted . | . . . . . . . . . . Intel | -11 -10 -10 -9 -9 -8 -7 -7 -7 -6 ------- Run | Scr Mat Min Mat Sto Mat Fac Low Low Fac Robot Analysis Total . | . . . . . . . . . . Derelict Logs Recovered . | . . . . . . . . . . Drone Launches 6 | . . . . 6 . . . . . Drone Recoveries . | . . . . . . . . . . Exploration | -11 -10 -10 -9 -9 -8 -7 -7 -7 -6 ------------- Run | Scr Mat Min Mat Sto Mat Fac Low Low Fac Turns Passed 7269 | 66 390 27 20 1508 1066 757 231 9 3195 Spaces Moved 5798 | 48 172 20 15 813 588 1112 481 18 2531 Core 36 | 6 . . . . 2 . . . 28 Treads . | . . . . . . . . . . Legs 1469 | 42 172 20 15 813 407 . . . . Wheels . | . . . . . . . . . . Hover 3613 | . . . . . . 709 481 18 2405 Flight 680 | . . . . . 179 403 . . 98 Fastest Speed 34 | 50 120 120 120 120 34 37 48 48 40 Average Speed 76 | 111 120 120 120 120 95 45 48 48 73 Slowest Speed 240 | 120 120 120 120 120 200 60 48 48 240 Overloaded Moves . | . . . . . . . . . . Propulsion Burnouts . | . . . . . . . . . . Robots Hopped 2 | . . . . . . 1 . . 1 Cave-ins Triggered . | . . . . . . . . . . Exploration Rate (%) 27 | 4 28 11 2 79 31 24 68 7 24 Regions Visited 9 Branch Regions 4 Pre-discovered Areas . | . . . . . . . . . . Known Exits Taken 4 | . . . . . 1 1 1 1 . Unknown Exits Taken 5 | 1 1 1 1 1 . . . . . Scrap Searched 4 | . . 1 . . . . 2 1 . Spaces Dug . | . . . . . . . . . . Terrain Destroyed 98 | . . . . . . . . . 98 Melee . | . . . . . . . . . . Projectile 9 | . . . . . . . . . 9 AOE 89 | . . . . . . . . . 89 Actions | -11 -10 -10 -9 -9 -8 -7 -7 -7 -6 --------- Run | Scr Mat Min Mat Sto Mat Fac Low Low Fac Total 8104 | 57 279 23 17 1154 949 1362 480 17 3766 Wait 1771 | . 42 4 . 171 216 221 . . 1117 Move 5785 | 47 171 19 14 812 587 1109 480 17 2529 Hop 2 | . . . . . . 1 . . 1 Pick Up 39 | 4 6 . 1 7 6 8 . . 7 Fast Attach 61 | 6 2 . . 9 16 11 . . 17 Attach 22 | . 1 . 2 5 7 3 . . 4 Detach 6 | . . . . 2 3 . . . 1 Swap 34 | . 5 . . 18 4 . . . 7 Drop 67 | . 7 . . 25 16 9 . . 10 Fire 300 | . 43 . . 105 81 . . . 71 Melee 13 | . . . . . 13 . . . . Ram 1 | . . . . . . . . . 1 Kick 2 | . 2 . . . . . . . . Crush . | . . . . . . . . . . Escape Stasis . | . . . . . . . . . . Rewire 1 | . . . . . . . . . 1 Trap . | . . . . . . . . . . Miscellaneous . | . . . . . . . . . . Route ------- -11/Scrapyard -10/Materials -10/Mines -9/Materials -9/Storage (discovered 2 exits: *Mat / [Rec]) -8/Materials -7/Factory -7/Lower Caves -7/Lower Caves -6/Factory History --------- Turn | Location | Event 3 | -11/Scrapyard | Discovered new exit (range 15) 67 | -11/Scrapyard | Entered Materials 311 | -10/Materials | Discovered new exit (range 6) 457 | -10/Materials | Entered Mines 473 | -10/Mines | Met a Derelict bent on vengeance 474 | -10/Mines | Discovered new exit (range 5) 484 | -10/Mines | Entered Materials 484 | -9/Materials | Evolved 2 slots: Propulsion x2 486 | -9/Materials | Discovered new exit (range 7) 504 | -9/Materials | Entered Storage 506 | -9/Storage | Build established: Scavenger-Mutant 795 | -9/Storage | Garrison activated, responded to threat 1087 | -9/Storage | Lost 3 parts (1n1u1w) 1699 | -9/Storage | Discovered new exit (range 5) 1745 | -9/Storage | Core integrity fell below 50% 1948 | -9/Storage | Discovered new exit (range 6) 2012 | -9/Storage | Entered Materials 2012 | -8/Materials | Evolved 2 slots: Utility x1, Weapon x1 2315 | -8/Materials | Build established: Scavenger-Tank 2543 | -8/Materials | Lost 3 parts (1p2n) 2840 | -8/Materials | Lost 4 parts (1p2n1w) 2900 | -8/Materials | Build established: Scavenger-Mutant 2918 | -8/Materials | Core integrity fell below 50% 2960 | -8/Materials | Repaired Flight Unit 2988 | -8/Materials | Repaired Lgt. Ion Engine 3076 | -8/Materials | Discovered new exit (range 4) 3077 | -8/Materials | Identified exit to Factory 3078 | -8/Materials | Entered Factory 3078 | -7/Factory | Evolved 2 slots: Power x1, Utility x1 3167 | -7/Factory | Allied Derelicts emerged from ambush trap array 3379 | -7/Factory | Build established: Hacker-Mutant 3818 | -7/Factory | Discovered new exit (range 13) 3834 | -7/Factory | Identified exit to Lower Caves 3835 | -7/Factory | Entered Lower Caves 3849 | -7/Lower Caves | Encountered a Warlord checkpoint 4006 | -7/Lower Caves | Build established: Hacker-Skirmisher 4054 | -7/Lower Caves | Discovered new exit (range 5) 4064 | -7/Lower Caves | Identified exit to Lower Caves 4066 | -7/Lower Caves | Entered another Lower Caves area 4072 | -7/Lower Caves | Discovered new exit (range 7) 4074 | -7/Lower Caves | Identified exit to Factory 4075 | -7/Lower Caves | Entered Factory 4075 | -6/Factory | Evolved 2 slots: Utility x2 4163 | -6/Factory | Spotted B-75 Beast 4400 | -6/Factory | Build established: Hacker-Scout 4659 | -6/Factory | Lost 5 parts (3n2w) 4934 | -6/Factory | Build established: Hacker-Mutant 5283 | -6/Factory | Build established: Scavenger-Skirmisher 5905 | -6/Factory | System corruption reached 10% 5933 | -6/Factory | Core integrity fell below 50% 6240 | -6/Factory | Lost 3 parts (3w) 6518 | -6/Factory | Build established: Hacker-Scout 7163 | -6/Factory | Build established: Hacker-Skirmisher 7203 | -6/Factory | Core integrity fell below 20% 7233 | -6/Factory | Lost 6 parts (3n1u2w) 7270 | -6/Factory | Destroyed by H-66 Slayer with Gauss Rifle Last Messages --------------- 07190_ Penetrated by Slug. 07190_ Gravmag System destroyed. 07193_ P-60 Hacker resets H-66 Slayer, system corruption cleaned. 07194_ Penetrated by Slug. 07194_ Gravmag System destroyed. 07194_ System corrupted: Plasma Cannon targeting data glitched. 07196_ System corrupted: Plasma Cannon failed to cycle. 07198_ System corrupted: Plasma Cannon targeting data glitched. 07199_ Penetrated by Slug. 07199_ Critical hit. 07199_ Plasma Cannon destroyed. 07202_ Penetrated by Slug. 07202_ Gravmag System destroyed. 07202_ Penetrated by Slug. 07208_ Acquired 79 matter. 07217_ Acquired Nuclear Pulse Thruster. 07235_